[Event "Titled Tuesday Blitz April 4 Early 2023"]
[White "Castellanos Villela, Alejandro"]
[Black "Moral Garcia, Serafin"]
[WhiteFideId "3446379"]
[BlackFideId "2201925"]
[WhiteElo "2103"]
[BlackElo "2274"]
[Result "0-1"]
[Round "10"]
[TimeControl "180+2"]
[Date "2023.04.04"]
[WhiteClock "0:00:02"]
[BlackClock "0:00:19"]

1. e4 e5 2. Nf3 Nc6 3. Bc4 Bc5 4. O-O Nf6 5. d3 a6 6. Nc3 h6 7. a3 Ba7 8. Nd5 d6 9. c3 O-O 10. h3 Nxd5 11. exd5 Ne7 12. d4 exd4 13. Nxd4 Ng6 14. Bd3 Qf6 15. Be3 Nf4 16. Bc2 Nxd5 17. Qd3 g6 18. Bxh6 Re8 19. Rae1 Bd7 20. Qd2 Bxd4 21. cxd4 Bb5 22. Rxe8+ Rxe8 23. Bg5 Qh8 24. Re1 Rxe1+ 25. Qxe1 Qxd4 26. Bb3 Bc4 27. Qe8+ Kg7 28. Bxc4 Qxc4 29. Qc8 Qc6 30. Kh2 a5 31. h4 a4 32. h5 gxh5 33. Qf5 Qc4 34. Bd2 Qh4+ 35. Kg1 c6 36. g3 Qg4 37. Qd3 h4 38. Kh2 hxg3+ 39. fxg3 b5 40. Be1 Kf8 41. Bb4 Ke7 42. Bd2 Qc4 43. Qf5 Qd4 44. Bg5+ Kf8 45. Qc8+ Kg7 46. Qd8 Qxb2+ 47. Kh3 Qe5 48. Bh4 c5 49. Qb8 b4 50. axb4 cxb4 51. Qa8 a3 52. Qa4 Qe6+ 53. Kh2 Qe4 54. Qd1 a2 55. Qh5 a1=Q 56. Qg5+ Qg6 57. Qxd5 Qe5 58. Qb3 Qc3 59. Qd5 b3 0-1


[Site "https://www.chess.com"]

[Event "Titled Tuesday Blitz April 4 Early 2023"]
[White "Chandreyee, Hajra"]
[Black "Budrewicz, Krzysztof"]
[WhiteFideId "5056535"]
[BlackFideId "1127950"]
[WhiteElo "1725"]
[BlackElo "2230"]
[Result "1-0"]
[Round "10"]
[TimeControl "180+2"]
[Date "2023.04.04"]
[WhiteClock "0:00:33"]
[BlackClock "0:00:59"]

1. e4 g6 2. d4 Bg7 3. Nc3 d6 4. Nf3 a6 5. Bg5 h6 6. Bh4 b5 7. a3 Bb7 8. Bd3 Nd7 9. Qe2 g5 10. Bg3 e6 11. h3 Ne7 12. e5 Bxf3 13. gxf3 dxe5 14. dxe5 Ng6 15. Bxg6 fxg6 16. O-O-O Qe7 17. Qe4 O-O 18. h4 Rad8 19. Qxg6 Qf7 20. Qxf7+ Kxf7 21. hxg5 hxg5 22. Ne4 Kg6 23. Rhg1 Kf5 24. Rd4 Nb6 25. Rxd8 Rxd8 26. Bh2 Bh6 27. Nf6 Nd5 28. Ng4 Bg7 29. Ne3+ Nxe3 30. fxe3 Rh8 31. e4+ Kg6 32. Bf4 Bh6 33. Bxg5 Bxg5+ 34. f4 Rh5 35. Kd2 c5 36. c4 Rh2+ 37. Kc3 Rh3+ 38. Kc2 Rh2+ 39. Kc1 Rh5 40. cxb5 axb5 41. b3 Kf7 42. fxg5 Rh4 43. Rf1+ Ke7 44. g6 Rxe4 45. Rf7+ Ke8 46. Rc7 Rxe5 47. g7 Rg5 48. Rc8+ Kf7 49. g8=Q+ Rxg8 50. Rxg8 Kxg8 51. a4 Kf7 52. a5 Ke7 53. a6 Kd7 54. a7 Kc7 1-0


[Site "https://www.chess.com"]

[Event "Titled Tuesday Blitz April 4 Early 2023"]
[White "Lach, Aleksandra"]
[Black "Sharapov, Evgeny"]
[WhiteFideId "1134299"]
[BlackFideId "14103133"]
[WhiteElo "2111"]
[BlackElo "2367"]
[Result "0-1"]
[Round "10"]
[TimeControl "180+2"]
[Date "2023.04.04"]
[WhiteClock "0:00:09"]
[BlackClock "0:00:30"]

1. e4 c5 2. Nc3 Nc6 3. Bb5 Nd4 4. Nf3 a6 5. Bd3 Nc6 6. O-O e5 7. a4 Be7 8. Bc4 Nf6 9. d3 O-O 10. h3 d6 11. Be3 Nd4 12. Bxd4 cxd4 13. Nd5 Nxd5 14. Bxd5 Kh8 15. c3 dxc3 16. bxc3 f5 17. exf5 Rxf5 18. a5 Qc7 19. c4 Bd7 20. Nd2 Bc6 21. Be4 Rf4 22. g3 Rff8 23. Qh5 Bxe4 24. Nxe4 g6 25. Qg4 Qc8 26. Qxc8 Raxc8 27. Rab1 Rc7 28. Nc3 Rd7 29. Nd5 Bd8 30. Ra1 Kg7 31. Kg2 Kf7 32. f4 Ke6 33. Rfe1 Re8 34. fxe5 dxe5 35. d4 Kd6 36. Ra2 Re6 37. dxe5+ Rxe5 38. Rd1 Kc5 39. Rdd2 Re4 40. h4 Rxc4 41. Nf4 Rxd2+ 42. Rxd2 Bxa5 43. Rd7 b5 0-1


[Site "https://www.chess.com"]

[Event "Titled Tuesday Blitz April 4 Early 2023"]
[White "Manukian, Artak"]
[Black "Staudenhocker43"]
[WhiteFideId "13301373"]
[WhiteElo "2130"]
[BlackElo "2537"]
[Result "1/2-1/2"]
[Round "10"]
[TimeControl "180+2"]
[Date "2023.04.04"]
[WhiteClock "0:01:04"]
[BlackClock "0:01:58"]

1. e4 c5 2. Nf3 d6 3. Bb5+ Nd7 4. O-O a6 5. Bd3 Ngf6 6. Re1 e6 7. c3 b5 8. Bc2 c4 9. b3 Bb7 10. d4 cxd3 11. Bxd3 Nc5 12. Qe2 Nxd3 13. Qxd3 Be7 14. a4 O-O 15. Nbd2 Qb6 16. a5 Qc7 17. Bb2 Rfd8 18. b4 d5 19. e5 Ne4 20. Nb3 f6 21. exf6 Bxf6 22. Nfd4 Qc4 23. Qxc4 dxc4 24. Nc5 Nxc5 25. bxc5 Bxd4 26. cxd4 b4 27. Ra4 1/2-1/2


[Site "https://www.chess.com"]

[Event "Titled Tuesday Blitz April 4 Early 2023"]
[White "Toktomushev, Teimur"]
[Black "Francisco Guecamburu, Candela Be"]
[WhiteFideId "14176726"]
[BlackFideId "160911"]
[WhiteElo "2116"]
[BlackElo "2326"]
[Result "1-0"]
[Round "10"]
[TimeControl "180+2"]
[Date "2023.04.04"]
[WhiteClock "0:00:02"]
[BlackClock "0:01:22"]

1. d4 Nf6 2. c4 c5 3. d5 e6 4. Nc3 exd5 5. cxd5 d6 6. Nf3 g6 7. Nd2 Bg7 8. e4 O-O 9. Be2 Na6 10. O-O Nc7 11. a4 b6 12. Nc4 Re8 13. Qc2 Rb8 14. Bf4 Bf8 15. Rad1 a6 16. Bf3 b5 17. axb5 axb5 18. Na5 Bd7 19. Nc6 Bxc6 20. dxc6 Ne6 21. Be3 Qc8 22. Nd5 Bg7 23. b4 c4 24. e5 Nxd5 25. Bxd5 Bxe5 26. f4 Bg7 27. f5 gxf5 28. Qxf5 Re7 29. Bg5 Nxg5 30. Qxg5 Qf8 31. Rde1 Rbe8 32. Rxe7 Rxe7 33. Rxf7 Rxf7 34. c7 Kh8 35. Bxf7 Bd4+ 36. Kh1 c3 37. Qd8 Kg7 38. Qxf8+ Kxf8 39. c8=Q+ Kxf7 40. Qf5+ Bf6 41. Qxb5 Ke6 42. Qc4+ d5 43. Qc6+ Ke5 44. b5 d4 45. Qc4 Ke4 46. Qe2+ Kd5 47. Qd3 Kc5 48. Qf5+ Kc4 49. Qxf6 d3 50. Qc6+ Kb3 51. b6 d2 52. Qd5+ Kc2 53. Qa2+ Kd3 54. Qb1+ Ke2 55. Qe4+ Kf1 56. Qc2 Ke2 57. Qe4+ Kd1 58. b7 c2 59. b8=Q c1=Q 60. Qb3+ Qc2 61. Qbxc2# 1-0


[Site "https://www.chess.com"]

[Event "Titled Tuesday Blitz April 4 Early 2023"]
[White "Polanco Nunez, Yoel Estarling"]
[Black "Tifferet, Shaked"]
[WhiteFideId "6401783"]
[BlackFideId "2811529"]
[WhiteElo "2132"]
[BlackElo "2142"]
[Result "0-1"]
[Round "10"]
[TimeControl "180+2"]
[Date "2023.04.04"]
[WhiteClock "0:00:04"]
[BlackClock "0:00:01"]

1. d4 d5 2. Nf3 c6 3. c4 Nf6 4. Qc2 g6 5. cxd5 cxd5 6. Nc3 Nc6 7. Bf4 Bg7 8. e3 O-O 9. Bb5 Bf5 10. Qe2 Nb4 11. Rc1 a6 12. a3 Nc6 13. Bxc6 bxc6 14. O-O a5 15. Na4 Ne4 16. h3 f6 17. Bh2 Bc8 18. Rfd1 Ba6 19. Qc2 Bb5 20. Nc5 Nxc5 21. Qxc5 a4 22. Ne1 e5 23. Nd3 exd4 24. exd4 Re8 25. Nb4 Re6 26. Re1 Qe8 27. Rxe6 Qxe6 28. Nxc6 Bc4 29. Nb4 Re8 30. Bg3 h5 31. h4 g5 32. hxg5 fxg5 33. Nc6 Bf8 34. Qb6 Rc8 35. Bc7 Bd6 36. Nd8 Qd7 37. Qxd6 Qxd6 38. Bxd6 Rxd8 39. Be7 Rd7 40. Bxg5 Rb7 41. Bd2 Rxb2 42. Bb4 Rb3 43. Bc5 Kf7 44. f3 Kg6 45. Kh2 Rb2 46. Kg3 Re2 47. Rb1 Bb3 48. Rh1 Bc2 49. Rh4 Bd3 50. Rh1 Rd2 51. Re1 Be2 52. Bb4 Rc2 53. Kf4 Ra2 0-1


[Site "https://www.chess.com"]

[Event "Titled Tuesday Blitz April 4 Early 2023"]
[White "Padmini, Rout"]
[Black "Garrido, Denis"]
[WhiteFideId "5029295"]
[BlackFideId "601217"]
[WhiteElo "2314"]
[BlackElo "2370"]
[Result "1-0"]
[Round "10"]
[TimeControl "180+2"]
[Date "2023.04.04"]
[WhiteClock "0:00:21"]
[BlackClock "0:00:15"]

1. e4 e5 2. Nf3 Nc6 3. Bc4 Nf6 4. O-O Nxe4 5. Re1 d5 6. Bb5 Bc5 7. d4 exd4 8. Nbd2 O-O 9. Nxe4 dxe4 10. Ng5 e3 11. Qh5 exf2+ 12. Kxf2 h6 13. Ne4 Bb6 14. Bxh6 gxh6 15. Qxh6 d3+ 16. Kf1 Bd4 17. Re3 Bg4 18. Rg3 f5 19. Bc4+ Rf7 20. Rxg4+ fxg4+ 21. Bxf7+ Kxf7 22. Ng5+ Ke7 23. Qe6+ 1-0


[Site "https://www.chess.com"]

[Event "Titled Tuesday Blitz April 4 Early 2023"]
[White "Goffredo_Fofi"]
[Black "nicolasulaneobelassi"]
[WhiteElo "2508"]
[BlackElo "2315"]
[Result "1-0"]
[Round "10"]
[TimeControl "180+2"]
[Date "2023.04.04"]
[WhiteClock "0:00:05"]
[BlackClock "0:00:01"]

1. d4 Nf6 2. Nf3 e6 3. c4 c5 4. d5 exd5 5. cxd5 d6 6. Nc3 g6 7. h3 Bg7 8. e4 O-O 9. Bd3 Re8 10. O-O c4 11. Bxc4 Nxe4 12. Nxe4 Rxe4 13. Qc2 Re8 14. Bg5 Qb6 15. Rfe1 Bd7 16. Rxe8+ Bxe8 17. Re1 Nd7 18. Be7 Rc8 19. Qb3 Qc7 20. Bf1 Nc5 21. Qe3 Bxb2 22. Qf4 Bg7 23. Bxd6 Qa5 24. Bc4 Bb5 25. Bxb5 Qxb5 26. Ng5 Qd7 27. Re7 Qf5 28. Qxf5 gxf5 29. Bxc5 Rxc5 30. d6 Bf8 31. Rxb7 Rc1+ 32. Kh2 Bxd6+ 33. g3 Rc2 34. Nxf7 Rxf2+ 35. Kh1 Bxg3 36. Nh6+ Kf8 37. Rf7+ Ke8 38. Rxf5 Rxf5 39. Nxf5 Be5 40. Kg2 Kd7 41. Kf3 Ke6 42. Ke4 Bc7 43. Nd4+ Kd6 44. Nb5+ Kc6 45. Nxa7+ Kc5 46. Nc8 Kb4 47. Kd5 Ka3 48. Ne7 Kxa2 49. Ke6 Kb3 50. Nf5 Bd8 51. Kf7 1-0


[Site "https://www.chess.com"]

[Event "Titled Tuesday Blitz April 4 Early 2023"]
[White "Pranav Anand"]
[Black "Fajdetic, Hrvoje"]
[WhiteFideId "46626786"]
[BlackFideId "14501945"]
[WhiteElo "2389"]
[BlackElo "2185"]
[Result "1-0"]
[Round "10"]
[TimeControl "180+2"]
[Date "2023.04.04"]
[WhiteClock "0:01:23"]
[BlackClock "0:00:05"]

1. Nf3 f5 2. g3 d6 3. Bg2 e5 4. d3 Nf6 5. O-O Be7 6. c4 O-O 7. Nc3 Qe8 8. Rb1 a5 9. a3 Qh5 10. b4 axb4 11. axb4 Nc6 12. b5 Nd8 13. Qc2 Nf7 14. Nd5 Bd8 15. Bd2 Nxd5 16. cxd5 g5 17. Bc3 f4 18. d4 g4 19. Nd2 Ng5 20. dxe5 f3 21. e6 fxg2 22. Kxg2 c6 23. bxc6 bxc6 24. dxc6 Bxe6 25. Qd3 Ra2 26. Qxd6 Bf7 27. Qd4 1-0


[Site "https://www.chess.com"]

[Event "Titled Tuesday Blitz April 4 Early 2023"]
[White "Erzhanov, Arman"]
[Black "Averjanov, Alexey"]
[WhiteFideId "4138821"]
[BlackFideId "14109867"]
[WhiteElo "2138"]
[BlackElo "2676"]
[Result "0-1"]
[Round "10"]
[TimeControl "180+2"]
[Date "2023.04.04"]
[WhiteClock "0:00:15"]
[BlackClock "0:01:11"]

1. e4 c6 2. d4 d5 3. exd5 cxd5 4. c4 Nf6 5. Nc3 e6 6. c5 Be7 7. Nf3 O-O 8. Qc2 b6 9. b4 a5 10. Na4 axb4 11. Nxb6 Ra5 12. Bd3 Nc6 13. Bf4 Nxd4 14. Nxd4 Rxc5 15. Nxc8 Rxc2 16. Nxe7+ Qxe7 17. Nxc2 e5 18. Bd2 Rc8 19. O-O e4 20. Nxb4 exd3 21. Rfe1 Qa7 22. Nxd3 Ne4 23. Be3 Qa3 24. Nf4 Nc3 25. Bd4 h6 26. Nh5 f6 27. Nf4 Rc4 28. Ne6 Qa4 29. Be3 d4 30. Bd2 d3 31. Kf1 Ne2 32. g3 Qc6 33. Rxe2 dxe2+ 34. Kxe2 Qxe6+ 35. Be3 Rc2+ 0-1


[Site "https://www.chess.com"]

[Event "Titled Tuesday Blitz April 4 Early 2023"]
[White "EREBUNI91"]
[Black "Petrova, Irina"]
[BlackFideId "14124122"]
[WhiteElo "2638"]
[BlackElo "2084"]
[Result "1/2-1/2"]
[Round "10"]
[TimeControl "180+2"]
[Date "2023.04.04"]
[WhiteClock "0:01:22"]
[BlackClock "0:00:29"]

1. e4 d6 2. d4 Nf6 3. Nc3 e5 4. Nf3 Nbd7 5. Bc4 Be7 6. dxe5 Nxe5 7. Nxe5 dxe5 8. Qxd8+ Bxd8 9. f3 c6 10. a4 O-O 11. Be3 Bb6 12. Ke2 Bd7 13. a5 Bxe3 14. Kxe3 Rad8 15. Rhd1 Bc8 16. Na4 Rfe8 17. b4 Kf8 18. c3 Ke7 19. Nc5 Nd7 20. Rxd7+ Rxd7 21. Nxd7 Bxd7 22. Rd1 Be6 23. Be2 Rd8 24. Rb1 Kd6 25. g3 f6 26. f4 Kc7 27. fxe5 fxe5 28. b5 Rf8 29. bxc6 bxc6 30. h4 Bc8 31. Bc4 Rf6 32. Rg1 Bg4 33. Rb1 Rf3+ 34. Kd2 Rxg3 35. a6 Bc8 36. Rf1 Kb6 37. Rb1+ Kc7 38. Rf1 Rg4 39. Bd3 Rxh4 40. Rf7+ Kb6 41. Rxg7 Bxa6 42. Bc2 Rh2+ 43. Kc1 Bc4 44. Rg5 h5 45. Rxe5 h4 46. Rh5 h3 47. e5 Re2 48. Rxh3 Rxe5 49. Rh4 Bd5 50. Kb2 a5 51. Bd3 Rg5 52. c4 Rg2+ 53. Kc3 Bf3 54. Rf4 Rg3 55. Kd4 Rg4 56. c5+ Kc7 57. Rxg4 Bxg4 58. Be4 Bd1 59. Kc3 a4 60. Kb2 Bb3 61. Ka3 Bd5 62. Bc2 Kd7 63. Kxa4 Kc7 64. Ka5 Bf3 65. Bb3 Be4 66. Kb4 Bf3 67. Bc4 Bg2 68. Kc3 Bf3 69. Kd4 Bg2 70. Bd3 Bf3 71. Ke5 Bd5 72. Bf5 Bg2 73. Be4 Bf1 74. Ke6 Bb5 75. Ke7 Ba6 76. Bf5 Bb5 77. Be6 Ba6 78. Kf6 Bb5 79. Ke5 Ba6 80. Bf5 Bb5 81. Be4 Ba6 82. Kd4 Bf1 83. Ke3 Bb5 84. Kf4 Ba6 85. Bxc6 Kxc6 86. Ke5 Kxc5 1/2-1/2


[Site "https://www.chess.com"]

[Event "Titled Tuesday Blitz April 4 Early 2023"]
[White "Vlassov, Nikolai"]
[Black "Kukreja, Sankalp"]
[WhiteFideId "4103360"]
[BlackFideId "45027676"]
[WhiteElo "2324"]
[BlackElo "2126"]
[Result "0-1"]
[Round "10"]
[TimeControl "180+2"]
[Date "2023.04.04"]
[WhiteClock "0:00:16"]
[BlackClock "0:00:09"]

1. e4 c5 2. c3 d5 3. exd5 Qxd5 4. d4 Nc6 5. Nf3 cxd4 6. cxd4 e5 7. Nc3 Bb4 8. Be2 exd4 9. O-O Qd8 10. Nb5 Nf6 11. Nfxd4 Nxd4 12. Qxd4 Qxd4 13. Nxd4 O-O 14. Bf3 Bc5 15. Nb3 Bb6 16. Bg5 a5 17. Bxf6 gxf6 18. Rac1 Be6 19. Nc5 Bxc5 20. Rxc5 Rfc8 21. Rb5 Bc4 22. Rxb7 Bxf1 23. Kxf1 Rab8 24. Rxb8 Rxb8 25. b3 Re8 26. Bd5 Rd8 27. Bc4 Rd2 28. a4 Kf8 29. g3 Ke7 30. Kg2 f5 31. Kf3 f6 32. Ke3 Rb2 33. h4 Kd6 34. f3 Ke5 35. h5 Rh2 36. Bf7 Kd6 37. Kf4 Rf2 38. Bg8 h6 39. Bh7 Rb2 40. Bg8 Rf2 41. Bc4 Kc5 42. Be6 Kb4 43. Bd5 Rh2 44. Bf7 Rf2 45. Bd5 Rh2 46. Kxf5 Rxh5+ 47. Ke6 Re5+ 48. Kd6 Re1 49. g4 Rd1 50. Ke6 Rxd5 51. Kxd5 Kxb3 52. Ke6 Kxa4 53. Kxf6 Kb4 54. Kg6 a4 55. Kxh6 a3 56. g5 a2 57. Kh7 a1=Q 58. g6 Qh1+ 59. Kg8 Qxf3 60. g7 Kc5 61. Kh7 Qh5+ 62. Kg8 Kd6 63. Kf8 Qf5+ 64. Ke8 Qg6+ 65. Kf8 Qf6+ 66. Kg8 Ke7 67. Kh7 Qh4+ 68. Kg6 Qg4+ 69. Kh6 Kf7 70. g8=Q+ Qxg8 0-1


[Site "https://www.chess.com"]

[Event "Titled Tuesday Blitz April 4 Early 2023"]
[White "Souleidis, Georgios"]
[Black "Hajiyev, Kanan"]
[WhiteFideId "4206827"]
[BlackFideId "13404148"]
[WhiteElo "2401"]
[BlackElo "2103"]
[Result "1/2-1/2"]
[Round "10"]
[TimeControl "180+2"]
[Date "2023.04.04"]
[WhiteClock "0:00:03"]
[BlackClock "0:00:02"]

1. e4 c6 2. Nc3 d5 3. Nf3 a6 4. d4 Bg4 5. h3 Bh5 6. g4 Bg6 7. exd5 cxd5 8. Ne5 Nc6 9. h4 Nxe5 10. dxe5 h5 11. e6 fxe6 12. Bd3 Bf7 13. g5 e5 14. f3 g6 15. Qe2 Bg7 16. Bd2 e6 17. O-O-O Ne7 18. Kb1 O-O 19. Rde1 Nf5 20. Nd1 Rc8 21. Bc3 Rxc3 22. Nxc3 Qb6 23. Qd2 Rc8 24. Bxf5 gxf5 25. g6 Be8 26. b3 e4 27. Nxd5 exd5 28. Qxd5+ Kh8 29. Qxf5 Rd8 30. Qxh5+ Kg8 31. Rd1 Rxd1+ 32. Rxd1 Qf6 33. Qd5+ Kh8 34. Qh5+ Kg8 35. Qd5+ Kh8 36. Qh5+ Kg8 1/2-1/2


[Site "https://www.chess.com"]

[Event "Titled Tuesday Blitz April 4 Early 2023"]
[White "Harriott, Tyrell"]
[Black "Omelja, Artem"]
[WhiteFideId "2086484"]
[BlackFideId "14119846"]
[WhiteElo "2107"]
[BlackElo "2404"]
[Result "0-1"]
[Round "10"]
[TimeControl "180+2"]
[Date "2023.04.04"]
[WhiteClock "0:00:54"]
[BlackClock "0:01:49"]

1. d4 Nf6 2. e3 c5 3. c3 b6 4. f4 Bb7 5. Nf3 d6 6. Be2 g6 7. O-O Bg7 8. Nbd2 O-O 9. Bd3 Nbd7 10. f5 e5 11. fxe6 fxe6 12. Ng5 Qe7 13. Qe1 h6 14. Nge4 g5 15. Ng3 e5 16. Nf5 Qe6 17. dxc5 Nxc5 18. Bc2 Ng4 19. e4 d5 20. h3 Nf6 21. b4 Ncxe4 22. Nxe4 Nxe4 23. Nxg7 Kxg7 24. Be3 Ba6 25. Rxf8 Rxf8 26. a4 Rf1+ 27. Qxf1 Bxf1 28. Rxf1 Nxc3 29. Bf5 Qd6 30. b5 d4 31. Bd2 Ne2+ 32. Kf2 Nf4 33. g3 Nd5 34. Rc1 Nc3 35. g4 e4 36. Bxc3 dxc3 37. Rxc3 Qd2+ 38. Kf1 Qxc3 39. Bxe4 Kf6 40. Bc6 Ke5 41. Ke2 Kd4 42. Kf2 Qd2+ 43. Kf3 Qe3+ 44. Kg2 Ke5 45. Kf1 Kf4 46. Kg2 Qd2+ 47. Kf1 Kg3 48. Bb7 Qf2# 0-1


[Site "https://www.chess.com"]

[Event "Titled Tuesday Blitz April 4 Early 2023"]
[White "Fiorito, Joaquin"]
[Black "Omariev, Maksim"]
[WhiteFideId "180173"]
[BlackFideId "4193423"]
[WhiteElo "2157"]
[BlackElo "2416"]
[Result "1-0"]
[Round "10"]
[TimeControl "180+2"]
[Date "2023.04.04"]
[WhiteClock "0:00:07"]
[BlackClock "0:00:01"]

1. d4 d5 2. c4 e6 3. Nc3 Nf6 4. Bg5 Be7 5. e3 h6 6. Bh4 O-O 7. Nf3 a6 8. cxd5 exd5 9. Bd3 c6 10. Qc2 Nbd7 11. O-O Re8 12. Rab1 Ne4 13. Bxe7 Qxe7 14. Bxe4 dxe4 15. Nd2 Nf6 16. b4 Bf5 17. Nc4 g6 18. a4 h5 19. Ne5 h4 20. h3 Nh7 21. Qe2 Ng5 22. Kh1 Qe6 23. Ng4 Kg7 24. Rfc1 Rh8 25. a5 Rh5 26. Na4 Rd8 27. Rc5 Qe7 28. Rbc1 Ne6 29. R5c2 Nc7 30. Nb6 Qxb4 31. Rb2 Qe7 32. Nc4 Nb5 33. Nce5 Rg5 34. Rc5 f6 35. Nc4 Qe6 36. Nh2 Bxh3 37. Rxg5 Nc3 38. Qe1 fxg5 39. Qxc3 Bxg2+ 40. Kxg2 h3+ 41. Kh1 Rd5 42. Ne5 g4 43. Qd2 Qf5 44. Qe2 g3 45. fxg3 Rxa5 46. Rb1 b5 47. Rf1 Qe6 48. Nhg4 Ra2 49. Qe1 a5 50. Nf2 a4 51. Qc3 b4 52. Qxb4 Qb3 53. Qxb3 axb3 54. Rb1 b2 55. Nc4 Ra1 56. Nd2 Ra2 57. Kh2 Kf6 58. Nfxe4+ Ke6 59. Nc3 Ra1 60. Rxb2 Re1 61. Nc4 Rf1 62. Kxh3 g5 63. Kg2 Rf8 64. Ne4 g4 65. Ne5 Kd5 66. Nc3+ Ke6 67. Rb6 Kf5 68. e4+ Kg5 69. Rxc6 Rg8 70. Rg6+ 1-0


[Site "https://www.chess.com"]

[Event "Titled Tuesday Blitz April 4 Early 2023"]
[White "Gatterer, Florian"]
[Black "Pajeken, Jakob Leon"]
[WhiteFideId "811688"]
[BlackFideId "12942839"]
[WhiteElo "2221"]
[BlackElo "2414"]
[Result "0-1"]
[Round "10"]
[TimeControl "180+2"]
[Date "2023.04.04"]
[WhiteClock "0:00:02"]
[BlackClock "0:01:22"]

1. b3 d5 2. Bb2 Bg4 3. Nf3 Nd7 4. g3 Ngf6 5. Bg2 e6 6. Ne5 Bf5 7. O-O Nxe5 8. Bxe5 Bd6 9. Bb2 e5 10. d3 c6 11. Nd2 O-O 12. Qe1 d4 13. Nc4 b5 14. Nxd6 Qxd6 15. c3 Rad8 16. Rc1 c5 17. cxd4 exd4 18. Qa5 Qb6 19. Qd2 b4 20. a4 Nd5 21. Bxd5 Rxd5 22. Qf4 h6 23. Rc2 g5 24. Qd2 Re5 25. e4 Be6 26. f4 gxf4 27. gxf4 Rh5 28. Rf2 Bxb3 29. Rc1 Kh7 30. Kh1 Rg8 31. Rg1 Rxg1+ 32. Kxg1 Rh4 33. Rg2 Qf6 34. f5 Rh5 35. Qf4 Rg5 36. Qc7 Qg7 37. Rxg5 Qxg5+ 38. Kf2 Qd2+ 39. Kg3 Qxb2 40. Qe5 Qe2 41. Kh4 Qe3 0-1


[Site "https://www.chess.com"]

[Event "Titled Tuesday Blitz April 4 Early 2023"]
[White "Tarasova, Viktoriya"]
[Black "Dobre, Claudiu-Cristian"]
[WhiteFideId "4175840"]
[BlackFideId "1211854"]
[WhiteElo "2182"]
[BlackElo "2207"]
[Result "0-1"]
[Round "10"]
[TimeControl "180+2"]
[Date "2023.04.04"]
[WhiteClock "0:00:05"]
[BlackClock "0:00:13"]

1. d4 f5 2. g3 g6 3. Bg2 Bg7 4. c4 Nf6 5. Nf3 O-O 6. O-O d6 7. Nc3 Qe8 8. b3 c5 9. Bb2 Nc6 10. d5 Ne5 11. Qc2 Nfg4 12. h3 Nxf3+ 13. exf3 Ne5 14. f4 Nf7 15. Rfe1 Qd8 16. Re2 Bd7 17. Rae1 Re8 18. Nd1 Bf6 19. h4 a6 20. Bxf6 exf6 21. Rxe8+ Bxe8 22. Qe2 Bd7 23. h5 Qa5 24. hxg6 hxg6 25. Ne3 Re8 26. Rd1 b5 27. Qc2 Qd8 28. Bf3 Nh6 29. Kg2 Kg7 30. Rh1 Qe7 31. Re1 Qd8 32. Rh1 Rh8 33. Qc3 b4 34. Qc2 Nf7 35. Rxh8 Qxh8 36. a4 bxa3 37. Qa2 a5 38. Qxa3 Qd8 39. Nd1 Qb6 40. Ne3 Nh6 41. Bd1 Ng8 42. Kg1 Ne7 43. Kg2 Nc8 44. Qa1 Kf7 45. g4 Ne7 46. gxf5 Nxf5 47. Nxf5 Bxf5 48. Qc3 Qd8 49. Qe3 Qh8 50. Qc3 Qh4 51. Qxa5 Qxf4 52. Qc7+ Kg8 53. Qd8+ Kg7 54. Qe7+ Kh6 55. Qf8+ Kg5 56. Qe7 Qe4+ 57. Qxe4 Bxe4+ 58. Kg3 Kf5 59. f4 Bd3 60. Bg4+ Ke4 61. Be6 Kd4 62. Bf7 Kc3 63. Kf3 Kxb3 64. Ke3 Kxc4 65. Be6 Kc3 66. Bf7 c4 67. Be6 Kb2 68. Kd4 Kb3 69. Bf7 Bf5 70. Be8 c3 71. Ke3 Kb2 72. Ba4 c2 73. Bxc2 Kxc2 0-1


[Site "https://www.chess.com"]

[Event "Titled Tuesday Blitz April 4 Early 2023"]
[White "Krzywda, Andrzej"]
[Black "Sreyas Payyappat"]
[WhiteFideId "1114565"]
[BlackFideId "46674969"]
[WhiteElo "2155"]
[BlackElo "2083"]
[Result "0-1"]
[Round "10"]
[TimeControl "180+2"]
[Date "2023.04.04"]
[WhiteClock "0:00:04"]
[BlackClock "0:01:07"]

1. e4 c6 2. d4 d5 3. exd5 cxd5 4. Bd3 Nc6 5. c3 Qc7 6. Ne2 Bg4 7. O-O e6 8. Qe1 g6 9. Bf4 Bd6 10. Bxd6 Qxd6 11. f3 Bf5 12. Bxf5 gxf5 13. Nc1 Nge7 14. Nd3 O-O-O 15. b4 Rhg8 16. Nd2 Rg7 17. a4 Rdg8 18. Rf2 Ng6 19. Kh1 f4 20. a5 Nh4 21. Qf1 Ne7 22. Nc5 Nef5 23. Qb5 Qc7 24. Rg1 Rg6 25. Nf1 Ng3+ 26. Nxg3 fxg3 27. hxg3 Rh6 28. Rd1 Nxf3# 0-1


[Site "https://www.chess.com"]

[Event "Titled Tuesday Blitz April 4 Early 2023"]
[White "Okike, David"]
[Black "Tomaszewski, Kacper"]
[WhiteFideId "8500134"]
[BlackFideId "1127373"]
[WhiteElo "2232"]
[BlackElo "2211"]
[Result "1-0"]
[Round "10"]
[TimeControl "180+2"]
[Date "2023.04.04"]
[WhiteClock "0:00:46"]
[BlackClock "0:00:06"]

1. e4 e5 2. Nf3 Nf6 3. Nxe5 d6 4. Nf3 Nxe4 5. d4 Be7 6. Bd3 Nf6 7. O-O O-O 8. c4 Re8 9. d5 Nbd7 10. h3 Nf8 11. Nc3 Ng6 12. Qc2 Nh5 13. Ne2 Bd7 14. Rb1 a5 15. b3 Qb8 16. a3 Rc8 17. g4 Nf6 18. Ned4 c5 19. Nf5 Bf8 20. Bg5 b5 21. Kg2 Ne8 22. h4 f6 23. Bd2 Ne5 24. Nxe5 fxe5 25. g5 g6 26. Ng3 Qb7 27. h5 Nc7 28. hxg6 hxg6 29. Bxg6 Bg7 30. Rh1 Ne6 31. Nh5 Nd4 32. Qd3 e4 33. Bxe4 Re8 34. Nf6+ Bxf6 35. gxf6 Rxe4 36. Qxe4 Bf5 37. Qf4 Qf7 38. Qg5+ Qg6 39. Qxg6+ Bxg6 40. Rbe1 Nxb3 41. Bc3 b4 42. Bb2 Nd2 43. Rh4 Rf8 44. Re2 Nxc4 45. Rxc4 Bd3 46. Rg4+ Kh7 47. Re6 Bf5 48. Rh4+ Kg6 49. Rxd6 Rg8 50. Kf3 c4 51. axb4 axb4 52. Bc1 c3 53. Rh6+ Kf7 54. Rb6 1-0


[Site "https://www.chess.com"]

[Event "Titled Tuesday Blitz April 4 Early 2023"]
[White "Turzo, Attila"]
[Black "Shukhman, Anna"]
[WhiteFideId "704954"]
[BlackFideId "54180058"]
[WhiteElo "2509"]
[BlackElo "2125"]
[Result "0-1"]
[Round "10"]
[TimeControl "180+2"]
[Date "2023.04.04"]
[WhiteClock "0:00:03"]
[BlackClock "0:00:18"]

1. e4 Nf6 2. e5 Nd5 3. d4 d6 4. Nf3 g6 5. Bc4 dxe5 6. Nxe5 Be6 7. Be2 Bg7 8. O-O O-O 9. Nd2 c5 10. c3 cxd4 11. cxd4 Nc6 12. Nxc6 bxc6 13. Nb3 Rb8 14. Bd2 Bf5 15. Rc1 Nb4 16. Bxb4 Rxb4 17. Qd2 Rb6 18. Bf3 Qd6 19. Rfd1 Be6 20. Na5 Bd5 21. Nc4 Bxc4 22. Rxc4 Rd8 23. Qc2 a5 24. b3 h5 25. Bxc6 h4 26. h3 e6 27. Bf3 Qe7 28. Rc7 Qf6 29. d5 exd5 30. Rxd5 Qa1+ 31. Qc1 Rxd5 32. Qxa1 Bxa1 33. Bxd5 Rd6 34. Bxf7+ Kf8 35. Kf1 Rd2 36. Bxg6 Rxa2 37. Rf7+ Kg8 38. Rf3 Bd4 39. Bf7+ Kg7 40. Bc4 Ra1+ 41. Ke2 Ra2+ 42. Kd3 Bxf2 43. Rf4 Bg3 44. Rg4+ Kf6 45. Bd5 Ra1 46. Kc4 Rc1+ 47. Kb5 Be1 48. Bf3 Rc3 49. Ka4 Re3 50. Rf4+ Kg5 51. Rc4 Re5 52. Rc6 Re3 53. Rc5+ Kf4 54. Rxa5 Bxa5 55. Kxa5 Rxb3 56. Ka4 Rb2 57. Ka3 Rf2 58. Bc6 Kg3 59. Kb3 Rxg2 60. Bd7 Rh2 61. Kc3 Rxh3 62. Kd2 Rh2+ 63. Ke1 Rf2 64. Bc8 Rf8 65. Be6 h3 66. Bd7 h2 0-1


[Site "https://www.chess.com"]

[Event "Titled Tuesday Blitz April 4 Early 2023"]
[White "Novikov, Evgenij"]
[Black "Koridze, Lile"]
[WhiteFideId "4125380"]
[BlackFideId "13612514"]
[WhiteElo "2242"]
[BlackElo "2047"]
[Result "1-0"]
[Round "10"]
[TimeControl "180+2"]
[Date "2023.04.04"]
[WhiteClock "0:00:10"]
[BlackClock "0:00:11"]

1. e4 c5 2. d4 cxd4 3. c3 d3 4. Bxd3 d6 5. Nf3 Nf6 6. O-O g6 7. Bf4 Bg7 8. Qe2 O-O 9. h3 Nbd7 10. Nbd2 a6 11. Rad1 Qc7 12. Bb1 e5 13. Bg5 b5 14. a3 Bb7 15. Rfe1 Nc5 16. Bxf6 Bxf6 17. Nf1 Ne6 18. Ne3 Nf4 19. Qf1 Rad8 20. g3 Ne6 21. Nd5 Bxd5 22. Rxd5 Qc6 23. Red1 Nc7 24. R5d2 d5 25. exd5 Qc5 26. Qe2 Rxd5 27. Rxd5 Nxd5 28. Nd2 Bg7 29. Ne4 Qc6 30. Qf3 Ne7 31. Rd6 Qc8 32. Kg2 Nf5 33. Rd5 Rd8 34. Ba2 Rxd5 35. Bxd5 Qd7 36. Ng5 Nd6 37. h4 h6 38. Ne4 Nf5 39. b3 Kf8 40. c4 Nd4 41. Qe3 bxc4 42. bxc4 Qc7 43. Qc3 f5 44. Qb4+ Ke8 45. Nd6+ Kd7 46. c5 Bf8 47. Qa4+ Kd8 48. Qe8# 1-0


[Site "https://www.chess.com"]